| 
	| TOP OF THE 1ST | 
|---|
 
		| Minnesota (NYP) Twins batting - Pitching for Spokane Indians : LHP Bobby Carroll |  
		| Pitching: LHP Bobby Carroll |  |  
		| Batting: RHB Caleb Bockmann | 0-0: SINGLE  (Groundball, 56S, EV 70.6 MPH) (infield hit) |  
		| Batting: RHB Fhil Mikrakin | 0-0: Called Strike Caleb Bockmann is caught stealing 2nd base 2-4
 0-1: Reached on error, E5 (Groundball, 56, EV 78.8 MPH)
 |  
		| Batting: RHB Steve Raine | 0-0: Ball Fhil Mikrakin steals 3rd base
 1-0:  Fly out, F9  (Flyball, 89S, EV 92.5 MPH)
 |  
		| Batting: LHB Hector Olvera | 0-0: Foul Ball, location: 2F 0-1: Ball
 1-1: SINGLE  (Groundball, 56D, EV 100.0 MPH)
 Fhil Mikrakin scores
 |  
		| Batting: RHB Chris Bejarano | 0-0: Ball 1-0: Swinging Strike
 1-1: Foul Ball, location: 2F
 1-2: Ball
 2-2: Fielders Choice at 2nd, 6-4 (Groundball, 6, EV 84.4 MPH)
 |  
		| Top of the 1st over - 1 run, 2 hits, 1 error, 1 left on base; Minnesota (NYP) 1 - Spokane 0 |  
	| BOTTOM OF THE 1ST | 
|---|
 
		| Spokane Indians batting - Pitching for Minnesota (NYP) Twins : LHP Sandy Benitez |  
		| Pitching: LHP Sandy Benitez |  |  
		| Batting: LHB Brian Gray | 0-0: Ball 1-0: Ball
 2-0: Foul Ball, location: 2F
 2-1: Reached on error, E6 (Groundball, 6, EV 98.8 MPH)
 |  
		| Batting: RHB Jerry Castillo | 0-0: Ball 1-0: Ball
 2-0:  Fly out, F8  (Flyball, 8LM, EV 80.6 MPH)
 |  
		| Batting: LHB Yasahiko Teshima | 0-0: Ball 1-0: Called Strike
 1-1: Called Strike
 1-2: Strikes out swinging
 |  
		| Batting: RHB Dale Aubrey | 0-0: Ground out 1-3 (Groundball, 13S, EV 65.6 MPH) |  
		| Bottom of the 1st over - 0 runs, 0 hits, 1 error, 1 left on base; Minnesota (NYP) 1 - Spokane 0 |  
	| TOP OF THE 2ND | 
|---|
 
		| Minnesota (NYP) Twins batting - Pitching for Spokane Indians : LHP Bobby Carroll |  
		| Batting: LHB Marvin Shepherd | 0-0: Swinging Strike 0-1: Ball
 1-1: Called Strike
 1-2: Strikes out swinging
 |  
		| Batting: LHB Ben Roth | 0-0: Called Strike 0-1: Called Strike
 0-2:  SOLO HOME RUN  (Flyball, 9D, EV 99.4 MPH), Distance : 387 ft
 |  
		| Batting: RHB David McClellan | 0-0: TRIPLE  (Groundball, 3L, EV 95.0 MPH) |  
		| Batting: SHB Juan Aguilar | 0-0: Ball 1-0: Foul Ball, location: 2F
 1-1: Ball
 2-1: Called Strike
 2-2: Strikes out swinging
 |  
		| Batting: RHB Caleb Bockmann | 0-0: Called Strike 0-1: Ground out 3-1 (Groundball, 34S, EV 91.2 MPH)
 |  
		| Top of the 2nd over - 1 run, 2 hits, 0 errors, 1 left on base; Minnesota (NYP) 2 - Spokane 0 |  
	| BOTTOM OF THE 2ND | 
|---|
 
		| Spokane Indians batting - Pitching for Minnesota (NYP) Twins : LHP Sandy Benitez |  
		| Batting: RHB Tony Rivera | 0-0: Ball 1-0: Called Strike
 1-1: Ball
 2-1: Ball
 3-1: Base on Balls
 |  
		| Batting: RHB Mike Strey | 0-0: Ball 1-0: Ball
 2-0: Foul Ball, location: 2F
 2-1: Ball
 3-1: Base on Balls
 Tony Rivera to second
 |  
		| Batting: LHB Lee Gerken | 0-0: Ball 1-0: Foul Ball, location: 2F
 1-1: Foul Ball, location: 2F
 1-2: Ball
 2-2: Grounds into double play, 6-4-3 (Groundball, 6, EV 104.4 MPH)
 Tony Rivera to third
 |  
		| Batting: LHB Sumiki Okuhara | 0-0: Ball 1-0: Ball
 2-0: Foul Ball, location: 2F
 2-1: Foul Ball, location: 2F
 2-2: Strikes out swinging
 |  
		| Bottom of the 2nd over - 0 runs, 0 hits, 0 errors, 1 left on base; Minnesota (NYP) 2 - Spokane 0 |  
	| TOP OF THE 3RD | 
|---|
 
		| Minnesota (NYP) Twins batting - Pitching for Spokane Indians : LHP Bobby Carroll |  
		| Batting: RHB Fhil Mikrakin | 0-0: Called Strike 0-1: Foul Ball, location: 2F
 0-2: Foul Ball, location: 2F
 0-2: Ball
 1-2: Ball
 2-2: Foul Ball, location: 2F
 2-2:  Fly out, F3  (Line Drive, 3L, EV 72.5 MPH)
 |  
		| Batting: RHB Steve Raine | 0-0: Ground out 4-3 (Groundball, 34, EV 98.1 MPH) |  
		| Batting: LHB Hector Olvera | 0-0: Called Strike 0-1: Ball
 1-1: Swinging Strike
 1-2: Foul Ball, location: 2F
 1-2: Foul Ball, location: 2F
 1-2: Foul Ball, location: 2F
 1-2: Strikes out swinging
 |  
		| Top of the 3rd over - 0 runs, 0 hits, 0 errors, 0 left on base; Minnesota (NYP) 2 - Spokane 0 |  
	| BOTTOM OF THE 3RD | 
|---|
 
		| Spokane Indians batting - Pitching for Minnesota (NYP) Twins : LHP Sandy Benitez |  
		| Batting: SHB Brace Harper | 0-0: Ball 1-0:  Fly out, F8  (Flyball, 89D, EV 88.1 MPH)
 |  
		| Batting: LHB Brian Gray | 0-0: Foul Ball, location: 2F 0-1: Foul Ball, location: 2F
 0-2: Ball
 1-2: Ground out 4-3 (Groundball, 4M, EV 106.9 MPH)
 |  
		| Batting: RHB Jerry Castillo | 0-0: Foul Ball, location: 2F 0-1: Ball
 1-1: Ball
 2-1: Foul Ball, location: 2F
 2-2: Strikes out looking
 |  
		| Bottom of the 3rd over - 0 runs, 0 hits, 0 errors, 0 left on base; Minnesota (NYP) 2 - Spokane 0 |  
	| TOP OF THE 4TH | 
|---|
 
		| Minnesota (NYP) Twins batting - Pitching for Spokane Indians : LHP Bobby Carroll |  
		| Batting: RHB Chris Bejarano | 0-0: Ball 1-0:  Fly out, F3  (Popup, 34, EV 81.9 MPH)
 |  
		| Batting: LHB Marvin Shepherd | 0-0: Ground out 5-3 (Groundball, 56, EV 82.5 MPH) |  
		| Batting: LHB Ben Roth | 0-0: Foul Ball, location: 2F 0-1: Ball
 1-1: Ground out 4-3 (Groundball, 4, EV 83.8 MPH)
 |  
		| Top of the 4th over - 0 runs, 0 hits, 0 errors, 0 left on base; Minnesota (NYP) 2 - Spokane 0 |  
	| BOTTOM OF THE 4TH | 
|---|
 
		| Spokane Indians batting - Pitching for Minnesota (NYP) Twins : LHP Sandy Benitez |  
		| Batting: LHB Yasahiko Teshima | 0-0: Ball 1-0: Ball
 2-0: Ball
 3-0: Base on Balls
 |  
		| Batting: RHB Dale Aubrey | 0-0: Called Strike Yasahiko Teshima steals 2nd base
 0-1: Swinging Strike
 0-2: Ball
 1-2: Ball
 2-2: DOUBLE  (Flyball, 8RXD, EV 102.5 MPH)
 Yasahiko Teshima scores
 |  
		| Batting: RHB Tony Rivera | 0-0: Ball 1-0: Called Strike
 1-1: Foul Ball, location: 2F
 1-2: Foul Ball, location: 2F
 1-2: Foul Ball, location: 2F
 1-2: Ball
 2-2: Ball
 3-2: Base on Balls
 |  
		| Batting: RHB Mike Strey | 0-0: Foul Ball, location: 2F 0-1: Swinging Strike
 0-2: Strikes out looking
 |  
		| Batting: LHB Lee Gerken | 0-0: Ball 1-0: Ball
 2-0:  Fly out, F9  (Flyball, 89D, EV 93.1 MPH)
 Runner from 2nd tags up, SAFE at 3rd, no throw by RF
 |  
		| Batting: LHB Sumiki Okuhara | 0-0: Swinging Strike 0-1: Foul Ball, location: 2F
 0-2: Ball
 Tony Rivera is caught stealing 2nd base 2-6
 |  
		| Bottom of the 4th over - 1 run, 1 hit, 0 errors, 1 left on base; Minnesota (NYP) 2 - Spokane 1 |  
	| TOP OF THE 5TH | 
|---|
 
		| Minnesota (NYP) Twins batting - Pitching for Spokane Indians : LHP Bobby Carroll |  
		| Batting: RHB David McClellan | 0-0: Ball 1-0: Ground out 5-3 (Groundball, 5S, EV 70.6 MPH)
 |  
		| Batting: SHB Juan Aguilar | 0-0: Ground out U3 (Groundball, 3, EV 81.9 MPH) |  
		| Batting: RHB Caleb Bockmann | 0-0: SINGLE  (Line Drive, 78S, EV 96.9 MPH) |  
		| Batting: RHB Fhil Mikrakin | 0-0: Ball 1-0: Foul Ball, location: 2F
 1-1: Ball
 2-1: Foul Ball, location: 2F
 2-2:  Fly out, F7  (Flyball, 7LM, EV 103.1 MPH)
 |  
		| Top of the 5th over - 0 runs, 1 hit, 0 errors, 1 left on base; Minnesota (NYP) 2 - Spokane 1 |  
	| BOTTOM OF THE 5TH | 
|---|
 
		| Spokane Indians batting - Pitching for Minnesota (NYP) Twins : LHP Sandy Benitez |  
		| Batting: LHB Sumiki Okuhara | 0-0: Ball 1-0: Swinging Strike
 1-1: Called Strike
 1-2: Strikes out swinging
 |  
		| Batting: SHB Brace Harper | 0-0: Ball 1-0: Swinging Strike
 1-1: Ball
 2-1: Ball
 3-1: Bunt missed!
 3-2: SINGLE  (Groundball, 6MD, EV 98.1 MPH)
 |  
		| Batting: LHB Brian Gray | 0-0: Called Strike Brace Harper is caught stealing 2nd base 2-6
 0-1: Ball
 1-1: Ball
 2-1: Ground out 4-3 (Groundball, 4, EV 105.6 MPH)
 |  
		| Bottom of the 5th over - 0 runs, 1 hit, 0 errors, 0 left on base; Minnesota (NYP) 2 - Spokane 1 |  
	| TOP OF THE 6TH | 
|---|
 
		| Minnesota (NYP) Twins batting - Pitching for Spokane Indians : LHP Bobby Carroll |  
		| Batting: RHB Steve Raine | 0-0: Ball 1-0: Foul Ball, location: 2F
 1-1: Ball
 2-1: Called Strike
 2-2:  SOLO HOME RUN  (Flyball, 9D, EV 94.4 MPH), Distance : 362 ft
 |  
		| Batting: LHB Hector Olvera | 0-0: Ground out 4-3 (Groundball, 4, EV 83.8 MPH) |  
		| Batting: RHB Chris Bejarano | 0-0: Called Strike 0-1: Foul Ball, location: 2F
 0-2: Strikes out looking
 |  
		| Batting: LHB Marvin Shepherd | 0-0: Called Strike 0-1: Ball
 1-1: Foul Ball, location: 2F
 1-2: Ball
 2-2: Strikes out looking
 |  
		| Top of the 6th over - 1 run, 1 hit, 0 errors, 0 left on base; Minnesota (NYP) 3 - Spokane 1 |  
	| BOTTOM OF THE 6TH | 
|---|
 
		| Spokane Indians batting - Pitching for Minnesota (NYP) Twins : LHP Sandy Benitez |  
		| Pitching: RHP Chad Brock |  |  
		| Batting: RHB Jerry Castillo | 0-0: Ball 1-0: Ball
 2-0: Called Strike
 2-1: Called Strike
 2-2: Ball
 3-2: Base on Balls
 |  
		| Batting: LHB Yasahiko Teshima | 0-0: Foul Ball, location: 2F 0-1: Called Strike
 0-2: Strikes out swinging
 |  
		| Batting: RHB Dale Aubrey | 0-0: Called Strike Jerry Castillo is caught stealing 2nd base 2-4
 0-1: SINGLE  (Line Drive, 6M, EV 96.2 MPH)
 |  
		| Batting: RHB Tony Rivera |  |  
		| Pinch Hitting: SHB David Simpson | 0-0: Ball Dale Aubrey steals 2nd base
 1-0: Called Strike
 1-1: SINGLE  (Groundball, 6MD, EV 97.5 MPH)
 Dale Aubrey to third
 |  
		| Batting: RHB Mike Strey | 0-0: Called Strike 0-1: Called Strike
 0-2: Ball
 1-2: Ball
 2-2: Strikes out swinging
 |  
		| Bottom of the 6th over - 0 runs, 2 hits, 0 errors, 2 left on base; Minnesota (NYP) 3 - Spokane 1 |  
	| TOP OF THE 7TH | 
|---|
 
		| Minnesota (NYP) Twins batting - Pitching for Spokane Indians : LHP Bobby Carroll |  
		| Now at 3B: David Simpson |  |  
		| Now at SS: Brace Harper |  |  
		| Batting: LHB Ben Roth | 0-0: Ball 1-0: Foul Ball, location: 2F
 1-1: Swinging Strike
 1-2: Foul Ball, location: 2F
 1-2: Foul Ball, location: 2F
 1-2: Foul Ball, location: 2F
 1-2: Strikes out swinging
 |  
		| Batting: RHB David McClellan | 0-0: Called Strike 0-1: Ground out 6-3 (Groundball, 6, EV 90.0 MPH)
 |  
		| Batting: SHB Juan Aguilar | 0-0: SINGLE  (Line Drive, 8LS, EV 95.0 MPH) |  
		| Batting: RHB Caleb Bockmann | 0-0: Ball 1-0: Called Strike
 1-1: Ball
 2-1: Fielders Choice at 2nd, 5-4 (Groundball, 56, EV 86.2 MPH)
 |  
		| Top of the 7th over - 0 runs, 1 hit, 0 errors, 1 left on base; Minnesota (NYP) 3 - Spokane 1 |  
	| BOTTOM OF THE 7TH | 
|---|
 
		| Spokane Indians batting - Pitching for Minnesota (NYP) Twins : RHP Chad Brock |  
		| Pitching: RHP Takeshi Kusanagi |  |  
		| Batting: LHB Lee Gerken | 0-0: Called Strike 0-1: Foul Ball, location: 2F
 0-2: Strikes out looking
 |  
		| Batting: LHB Sumiki Okuhara | 0-0: Called Strike 0-1: Ball
 1-1: Foul Ball, location: 2F
 1-2: Ball
 2-2: Ground out 4-3 (Groundball, 4, EV 84.4 MPH)
 |  
		| Batting: SHB Brace Harper | 0-0: Hit by Pitch |  
		| Batting: LHB Brian Gray | 0-0: Called Strike Brace Harper is caught stealing 2nd base 2-6
 |  
		| Bottom of the 7th over - 0 runs, 0 hits, 0 errors, 0 left on base; Minnesota (NYP) 3 - Spokane 1 |  
	| TOP OF THE 8TH | 
|---|
 
		| Minnesota (NYP) Twins batting - Pitching for Spokane Indians : LHP Bobby Carroll |  
		| Batting: RHB Fhil Mikrakin | 0-0: Foul Ball, location: 2F 0-1: Ball
 1-1: Foul Ball, location: 2F
 1-2: Strikes out swinging
 |  
		| Batting: RHB Steve Raine | 0-0: Swinging Strike 0-1: Ball
 1-1: Swinging Strike
 1-2: Strikes out looking
 |  
		| Batting: LHB Hector Olvera | 0-0: Ball 1-0: Foul Ball, location: 2F
 1-1: Called Strike
 1-2: SINGLE  (Line Drive, 78S, EV 96.9 MPH)
 |  
		| Pitching: RHP Victor Walshe |  |  
		| Batting: RHB Chris Bejarano | 0-0: Called Strike 0-1: Called Strike
 0-2: Foul Ball, location: 2F
 0-2: Ball
 1-2: Fielders Choice at 2nd, 6-4 (Groundball, 6, EV 106.2 MPH)
 |  
		| Top of the 8th over - 0 runs, 1 hit, 0 errors, 1 left on base; Minnesota (NYP) 3 - Spokane 1 |  
	| BOTTOM OF THE 8TH | 
|---|
 
		| Spokane Indians batting - Pitching for Minnesota (NYP) Twins : RHP Takeshi Kusanagi |  
		| Batting: LHB Brian Gray | 0-0: Ball 1-0: Ground out 6-3 (Groundball, 6, EV 90.0 MPH)
 |  
		| Pinch Hitting: LHB Gabriel Graves | 0-0: Ball 1-0: Ball
 2-0: Ball
 3-0: Called Strike
 3-1: Foul Ball, location: 2F
 3-2: Ground out 6-3 (Groundball, 6, EV 82.5 MPH)
 |  
		| Batting: LHB Yasahiko Teshima | 0-0: Ball 1-0: Called Strike
 1-1: Ball
 2-1: Ball
 3-1: Called Strike
 3-2: Base on Balls
 |  
		| Pitching: LHP Travis Joyal |  |  
		| Batting: RHB Dale Aubrey | 0-0: Called Strike 0-1: Ball
 1-1: Called Strike
 1-2: Foul Ball, location: 2F
 1-2: Strikes out swinging
 |  
		| Bottom of the 8th over - 0 runs, 0 hits, 0 errors, 1 left on base; Minnesota (NYP) 3 - Spokane 1 |  
	| TOP OF THE 9TH | 
|---|
 
		| Minnesota (NYP) Twins batting - Pitching for Spokane Indians : RHP Victor Walshe |  
		| Now at 2B: Gabriel Graves |  |  
		| Batting: LHB Marvin Shepherd | 0-0: Ball 1-0: Ball
 2-0: DOUBLE  (Flyball, 78XD, EV 101.2 MPH)
 |  
		| Batting: LHB Ben Roth | 0-0: Intentional Walk |  
		| Batting: RHB David McClellan | 0-0: Bunted foul 0-1: Bunt missed!
 0-2: Foul Ball, location: 2F
 0-2: Strikes out swinging
 |  
		| Batting: SHB Juan Aguilar | 0-0: Called Strike 0-1: Ball
 1-1: Foul Ball, location: 2F
 1-2: Ball
 2-2: Ball
 Wild Pitch!
 Marvin Shepherd to third
 Ben Roth to second
 3-2: Strikes out swinging
 |  
		| Batting: RHB Caleb Bockmann | 0-0: Swinging Strike 0-1: Called Strike
 0-2: Ball
 1-2: Ball
 2-2: Foul Ball, location: 2F
 2-2: Ball
 3-2: Foul Ball, location: 2F
 3-2: Ground out 6-3 (Groundball, 6, EV 78.8 MPH)
 |  
		| Top of the 9th over - 0 runs, 1 hit, 0 errors, 2 left on base; Minnesota (NYP) 3 - Spokane 1 |  
	| BOTTOM OF THE 9TH | 
|---|
 
		| Spokane Indians batting - Pitching for Minnesota (NYP) Twins : LHP Travis Joyal |  
		| Batting: SHB David Simpson | 0-0: Called Strike 0-1: Ball
 1-1: Called Strike
 1-2: Foul Ball, location: 2F
 1-2: Ball
 2-2: Foul Ball, location: 2F
 2-2: Foul Ball, location: 2F
 2-2: Strikes out looking
 |  
		| Batting: RHB Mike Strey | 0-0: Ball 1-0: Ball
 2-0: Ball
 3-0: Called Strike
 3-1: Base on Balls
 |  
		| Pinch Hitting: RHB Scott King | 0-0: Ball 1-0: Called Strike
 1-1: Ball
 2-1: Ball
 3-1: Base on Balls
 Mike Strey to second
 |  
		| Pinch Hitting: RHB Rich Thurman | 0-0: Called Strike 0-1: Ball
 1-1: Called Strike
 1-2: Ball
 2-2: Ball
 3-2: Base on Balls
 Mike Strey to third
 Scott King to second
 |  
		| Pinch Hitting: RHB Matthew Starr | 0-0: Ball 1-0: Ball
 2-0: Ball
 3-0: Called Strike
 3-1: Base on Balls
 Mike Strey scores
 Scott King to third
 Rich Thurman to second
 |  
		| Pinch Hitting: RHB Bobby Melillo | 0-0: Called Strike 0-1: Ball
 1-1: Called Strike
 1-2:  Fly out, F9  (Flyball, 9S, EV 81.2 MPH)
 |  
		| Pinch Hitting: RHB Kevin Whitenack | 0-0: Ball 1-0: Ball
 2-0: Ball
 3-0: Called Strike
 3-1:  Fly out, F8  (Line Drive, 78M, EV 105.0 MPH)
 |  
		| Bottom of the 9th over - 1 run, 0 hits, 0 errors, 3 left on base; Minnesota (NYP) 3 - Spokane 2 |  |